 Dungeon Crawl Stone Soup version 0.14-a0-3545-g7d9ef9c (webtiles) character file.

92 Froboctopus the Firebug (level 3, 0/21 HPs)
             Began as an Octopode Fire Elementalist on Mar 28, 2014.
             Slain by Sigmund
             ... wielding a +4,+1 scythe of slicing
              (1 damage)
             ... on Level 2 of the Dungeon.
             The game lasted 00:02:00 (1519 turns).

Froboctopus the Firebug (OpFE)                      Turns: 1519, Time: 00:02:00

HP   0/21        AC  1     Str  7      XL: 3   Next: 95%
MP   6/6         EV 11     Int 18      God:
Gold 36          SH  0     Dex 12      Spells:  1 memorised,  6 levels left

rFire  . . .     SeeInvis .     p - +0,+1 dagger (drain)
rCold  . . .     Clarity  .     (no shield)
rNeg   . . .     Conserve .     (helmet restricted)
rPois  .         rCorr    .     (no amulet)
rElec  .         rRot     .     (no ring)
SustAb . .       Spirit   .     (no ring)
rMut   .         Warding  .     (no ring)
Saprov . . .     Stasis   .     (no ring)
MR     .....                    (no ring)
                                (no ring)
                                (no ring)
                                (no ring)

@: drained, not resistant to hostile enchantments, stealthy
A: almost no armour, amphibious, 8 rings, constrict 8, camouflage 1, gelatinous
body 1
a: no special abilities


You were on level 2 of the Dungeon.
You were not hungry.

You visited 1 branch of the dungeon, and saw 2 of its levels.

You collected 36 gold pieces.

Inventory:

Hand weapons
 p - a +0,+1 dagger of draining (weapon)
Comestibles
 c - 3 bread rations
 d - 11 sultanas
 h - a pear
 i - a meat ration
 l - an apple
 q - 2 chunks of goblin flesh
Scrolls
 e - a scroll of random uselessness {unknown}
 j - a scroll of magic mapping {unknown}
 k - 2 scrolls of amnesia {unknown}
 m - 3 scrolls of identify {unknown}
 o - a scroll of enchant weapon II {unknown}
Potions
 a - a potion of degeneration {unknown}
 f - a potion of brilliance {unknown}
 g - 3 potions of curing {unknown}
Books
 b - a book of Flames

   Spells                             Type                      Level
   *Flame Tongue                      Conjuration/Fire             1
   Throw Flame                        Conjuration/Fire             2
   Conjure Flame                      Conjuration/Fire             3
   Inner Flame                        Hexes/Fire                   3
   Sticky Flame                       Conjuration/Fire             4
   Fireball                           Conjuration/Fire             5


   Skills:
 - Level 2.0(0.9) Dodging
 - Level 2.6(1.5) Stealth
 + Level 2.5(1.4) Spellcasting
 * Level 2.5(1.4) Conjurations
 + Level 3.5(2.4) Fire Magic


You had 6 spell levels left.
You knew the following spells:

 Your Spells              Type           Power        Failure   Level  Hunger
a - Flame Tongue          Conj/Fire      #....        12%         1    ##.....


Dungeon Overview and Level Annotations

Branches:
Dungeon (2/15)

Altars:

Annotations:
D:2 Sigmund


Innate Abilities, Weirdness & Mutations

You cannot wear most types of armour.
You are amphibious.
You can wear up to eight rings at the same time.
You can use your tentacles to constrict many enemies at once.
Your skin changes colour to match your surroundings (Stlth).
Your rubbery body absorbs attacks (AC +1).


Message History

Confirm with . or Enter, or press ? or * to list all spells.
Aiming: Flame Tongue
Press: ? - help, Shift-Dir - straight line, f/p - bat
Aim: a bat (severely wounded)
The flame hits the bat.
You kill the bat!
No target in view!
Sigmund shouts!
Sigmund casts a spell.
Sigmund flickers and vanishes!
Deactivating autopickup; reactivate with Ctrl-A.
There is a strange disturbance nearby!
No target in view!
You hear some strange, mumbled words.
The magic dart hits you!
You hit something but do no damage. Something hits you.
* * * LOW HITPOINT WARNING * * *
x2 You hit something.
You squeeze something. Something hits you.
* * * LOW HITPOINT WARNING * * *
You die...

...................#.#...#
......##<#...#...........#
......##.#...##...##.##.##
.........#...##...##.##.###
..#............... #......#
.................. #..#####
...........#.##..###..#
..#...####.#.##.......#
................@####.#
#.#..#.###.#.##..# #.#
......................#
#..........#.##..######
###..#.### # #... ...#.#
#.## #.(#. ##


There were no monsters in sight!

Vanquished Creatures
  Ijyb (D:2)
  An adder (D:2)
  A worm (D:1)
  4 goblins
  2 hobgoblins (D:2)
  4 kobolds (D:1)
  A ball python (D:1)
  5 bats
  A giant cockroach (D:2)
  2 giant newts (D:1)
  A rat (D:1)
23 creatures vanquished.

Notes
Turn   | Place    | Note
--------------------------------------------------------------
     0 | D:1      | Froboctopus, the Octopode Fire Elementalist, began the quest for the Orb.
     0 | D:1      | Reached XP level 1. HP: 11/11 MP: 3/3
   139 | D:1      | Reached XP level 2. HP: 12/17 MP: 4/4
   992 | D:2      | Noticed Sigmund
  1173 | D:2      | Reached XP level 3. HP: 17/21 MP: 2/6
  1302 | D:2      | Noticed Ijyb
  1319 | D:2      | Killed Ijyb
  1519 | D:2      | HP: 1/21 [something (2)]
  1519 | D:2      | Slain by Sigmund

Action                   || total
-------------------------++-------
Melee: Unarmed           ||    17
       Dagger            ||     2
 Cast: Flame Tongue      ||    44
 Stab: Sleeping          ||     1
